 Dungeon Crawl Stone Soup version 0.27-a0-1188-g73eefd5def (webtiles) character file.

Game seed: 15069318346565663602

100 chippings the Skirmisher (level 4, -8/34 HPs)
             Began as a Mummy Gladiator on May 20, 2021.
             Killed by divine providence
             ... invoked by an orc priest
              (10 damage)
             ... on level 2 of the Dungeon.
             The game lasted 00:03:07 (1497 turns).

chippings the Skirmisher (Mummy Gladiator)          Turns: 1497, Time: 00:03:08

Health: -8/34      AC:  4    Str: 17    XL:     4   Next: 47%
Magic:  0/4        EV: 12    Int:  7    God:
Gold:   87         SH:  0    Dex: 14    Spells: 3/3 levels left

rFire    x . .     SeeInvis .   e - +3 short sword (speed)
rCold    + . .     Faith    .   (no shield)
rNeg     + + +     Spirit   +   b - +0 leather armour
rPois    ∞         Reflect  .   c - +0 helmet
rElec    .         Harm     .   (no cloak)
rCorr    .         Rampage  .   (no gloves)
Will     .....                  (no boots)
Stlth    ++........             h - amulet of guardian spirit
HPRegen  0.11/turn              (no ring)
MPRegen  0.09/turn              (no ring)

@: no status effects
A: cold resistance 1, negative energy resistance 3, torment resistance 2, heat
vulnerability 1, no potions
a: no special abilities


You were on level 2 of the Dungeon.
You visited 1 branch of the dungeon, and saw 2 of its levels.

You collected 87 gold pieces.

Inventory:

Hand Weapons
 a - a +0 flail
 e - a +3 short sword of speed (weapon)
Missiles
 d - 3 throwing nets (quivered)
Armour
 b - a +0 leather armour (worn)
 c - a +0 helmet (worn)
 f - a +0 scale mail
Jewellery
 h - an amulet of guardian spirit (around neck)


   Skills:
 + Level 2.9 Fighting
 * Level 2.3 Short Blades
 - Level 2.4 Maces & Flails
 - Level 1.5 Throwing
 - Level 2.4 Dodging
 + Level 1.3 Stealth


You had 3 spell levels left.
You didn't know any spells.
Your spell library was empty.

Dungeon Overview and Level Annotations

Branches:
Dungeon (2/15)

Altars:


Innate Abilities, Weirdness & Mutations

You are immune to poison.
Your flesh is cold resistant. (rC+)
You are immune to negative energy. (rN+++)
You are immune to unholy pain and torment.
You are vulnerable to heat. (rF-)
You do not drink.


Message History

The orc priest hits you with a +0 hand axe.
An orc comes into view. It is wielding a +0 hand axe.
You hit the orc priest.
The orc priest is heavily wounded.
You hit the orc priest.
The orc priest is severely wounded.
The orc priest hits you with a +0 hand axe.
You puncture the orc priest!
You kill the orc priest!
An orc and an orc priest come into view.
The orc priest shouts! x2
The orc priest looks encouraged for a moment.
The orc hits you with a +0 hand axe.
You see here a +0 hand axe.
You closely miss the orc. The orc hits you but does no damage.
The orc priest calls down the wrath of Beogh upon you.
Beogh smites you! The orc hits you with a +0 hand axe.
As you read the scroll labelled KYXAEM YSHRELE, it crumbles to dust.
You feel aware of your surroundings.
It was a scroll of magic mapping.
The orc priest hits you with a +0 mace.
* * * LOW HITPOINT WARNING * * *
As you read the scroll labelled VOTOAN WOINWE, it crumbles to dust.
It is a scroll of enchant weapon.
Your +2 short sword of speed glows red for a moment.
The orc priest hits you with a +0 mace.
* * * LOW HITPOINT WARNING * * *
You hit the orc priest but do no damage.
The orc priest barely misses you.
You hit the orc priest.
The orc priest is lightly wounded.
The orc priest hits you with a +0 mace!
* * * LOW HITPOINT WARNING * * *
You can't drink.
You aren't carrying any items that you can evoke.
The orc priest begins to cast a cantrip, but forgets the words!
The orc priest invokes the aid of Beogh against you.
Beogh smites you!
You die...

#..#.##.'#######'.#.#).........##
[.......#..###..#.....o..........
..>.....#.......#...#o#...###....
.....#####.....###..#.#o....'....
..##.#####8._..###..#.##..###....
........##.....##...#o##..# #....
..##.####...8...###...##..###....
..##.# ##..###..###o..##.....#'##
..##.###'#######@............#.#
............#######.#.##.....#.#
#.##.###.#..........(..#.....#.##
#...<###.#..###...#.##.#.....#)..
###...##.#..# #...#......(...+...
#...##.#..#######.##.......#...
#.................###......####
####'#.#.#..#######.# #......#
............# ###.####.#...#


You could see an orc priest.

Vanquished Creatures
  An orc priest (D:2)
  2 adders (D:2)
  A worm (D:2)
  A dart slug (D:1)
  An orc (D:2)
  2 ball pythons (D:1)
  7 bats
  2 endoplasms
  3 giant cockroaches
  3 goblins (D:1)
  4 hobgoblins
  4 jackals (D:2)
  3 quokkas
  2 frilled lizards (D:1)
  4 kobolds
  2 rats
42 creatures vanquished.

Notes
Turn   | Place    | Note
-------+----------+-------------------------------------------
     0 | D:1      | chippings the Mummy Gladiator began the quest for the Orb.
     0 | D:1      | Reached XP level 1. HP: 16/16 MP: 1/1
    57 | D:1      | You fall into a shaft and drop 1 floor!
    97 | D:2      | Reached XP level 2. HP: 7/22 MP: 2/2
   109 | D:2      | Reached skill level 1 in Short Blades
   269 | D:2      | Reached XP level 3. HP: 5/28 MP: 3/3
   269 | D:2      | HP: 1/28 [adder (4)]
   712 | D:1      | Reached skill level 1 in Stealth
  1252 | D:2      | Reached XP level 4. HP: 29/34 MP: 2/4
  1313 | D:2      | Found a faded altar of an unknown god.
  1491 | D:2      | HP: 1/34 [orc priest/+0 mace (7)]
  1497 | D:2      | Killed from afar by an orc priest

Illustrated notes

Levels and vault maps discovered:
D:1:      pf_arrival_petrified_forest, layout_loops_ring
D:2:      cheibrodos_pilgrimage, layout_basic,
          hellmonk_ecumenical_altar_slurped_away

Skill      XL: |  1  2  3 |
---------------+----------+-----
Short Blades   | 1 2 |  2.3
Stealth        | 1 |  1.3
Fighting       | |  2.9
Maces & Flails | |  2.4
Throwing       | |  1.5
Dodging        | |  2.4

Action                   |  1- 3 |  4- 6 || total
-------------------------+-------+-------++-------
Melee: Short sword       |   135 |    14 ||   149
       Flail             |     5 |       ||     5
  Use: Scroll            |       |     2 ||     2
 Stab: Sleeping          |     1 |       ||     1
Armor: Leather armour    |    51 |     2 ||    53
Dodge: Dodged            |    78 |     5 ||    83

Table legend: (Time is in decaauts)
 A = Elapsed time spent in this place.
 B = Non-inter-level travel time spent in this place.
 C = Inter-level travel time spent in this place.
 D = Time resting spent in this place.
 E = Time spent auto-exploring this place.
 F = Levels seen in this place.
 G = Mean time per level.
                   A        B        C        D        E       F      G
               +--------+--------+--------+--------+--------+-----+--------+
         Total |   1450 |   1432 |     18 |    266 |    670 |   2 |  725.0 |
       Dungeon |   1450 |   1432 |     18 |    266 |    670 |   2 |  725.0 |
               +--------+--------+--------+--------+--------+-----+--------+

Top non-repeatable levels by time:
     D:2: 770 daAuts
     D:1: 680 daAuts
